Map: Oceanborn LE

Players

Geralt (Gerald) - Winner!

  • Race: Protoss Protoss
  • League: Grandmaster
  • Spawn Location: 5:00

Moja

  • Race: Terran Terran
  • League: Grandmaster
  • Spawn Location: 11:00

Event: HomeStory Cup XXV

VOD

Have the link to the VOD?

Description

Time

  • Played on: June 21, 2024, 12:47 p.m.
  • Length: 12:08

All games in this series

Show
View Real Time Build Order
Export as new Build Order

Geralt Protoss - Winner!

Build Orders: 1 Gate Expand, Blink Stalkers 

Get SALT Encoding   

  12  0:00  Probe  
  13  0:12  Probe  
  14  0:18  Pylon  
  14  0:24  Probe (Chrono Boost)  
  15  0:37  Gateway  
  15  0:38  Probe (Chrono Boost)  
  16  0:44  Probe (Chrono Boost)  
  16  0:46  Assimilator  
  17  0:52  Probe  
  18  1:04  Probe  
  19  1:16  Probe  
  20  1:24  Cybernetics Core  
  20  1:25  Zealot  
  23  1:37  Nexus  
  22  1:44  Pylon  
  22  1:46  Probe  
  23  1:51  Assimilator  
  23  1:59  Adept (Chrono Boost)  
  23  2:02  Probe  
  23  2:08  Warp Gate  
  26  2:14  Probe  
  27  2:22  Stalker (Chrono Boost)  
  29  2:26  Probe  
  29  2:40  Probe  
  30  2:49  Stalker (Chrono Boost)  
  30  2:51  Twilight Council  
  32  2:52  Probe  
  32  2:53  Probe  
  34  3:11  Probe  
  35  3:13  Probe  
  35  3:14  Stalker  
  38  3:20  Blink (Chrono Boost)  
  38  3:23  Probe  
  38  3:25  Probe  
  40  3:32  Gateway  
  40  3:35  Probe  
  39  3:42  Robotics Facility  
  39  3:43  Probe  
  39  3:47  Probe  
  41  3:54  Assimilator, Pylon  
  41  3:55  Pylon, Probe  
  42  3:59  Probe  
  42  4:00  Shield Battery  
  41  4:05  Stalker  
  41  4:07  Probe  
  44  4:13  Gateway, Probe  
  45  4:19  Probe  
  46  4:24  Pylon  
  46  4:25  Probe  
  46  4:28  Stalker  
  46  4:29  Observer (Chrono Boost)  
  50  4:31  Probe  
  50  4:34  Stalker  
  50  4:37  Probe  
  56  4:46  Probe  
  56  4:49  Probe  
  58  4:55  Stalker  
  58  4:58  Probe, Pylon  
  61  5:02  Observer  
  61  5:04  Probe  
  61  5:06  Assimilator  
  61  5:07  Nexus  
  61  5:11  Probe  
  61  5:12  Stalker  
  64  5:16  Pylon  
  64  5:19  Probe  
  65  5:23  Robotics Bay  
  65  5:25  Charge  
  64  5:30  Stalker  
  64  5:33  Probe  
  65  5:46  Probe  
  65  5:47  Probe  
  65  5:49  Shield Battery  
  63  5:57  Forge  
  63  5:58  Probe  
  63  5:59  Probe  
  63  6:01  Stalker  
  63  6:02  Stalker x2  
  71  6:10  Probe  
  72  6:13  Probe, Colossus (Chrono Boost)  
  78  6:20  Probe  
  78  6:24  Gateway  
  78  6:25  Gateway  
  79  6:26  Probe  
  79  6:28  Probe  
  79  6:32  Stalker, Probe  
  84  6:33  Protoss Ground Weapons Level 1  
  84  6:38  Probe  
  85  6:40  Pylon  
  85  6:41  Probe  
  85  6:44  Probe  
  87  6:48  Sentry  
  87  6:49  Zealot  
  87  6:50  Probe  
  92  6:57  Probe, Colossus (Chrono Boost)  
  92  6:58  Probe  
  100  7:04  Gateway  
  100  7:08  Gateway  
  100  7:10  Probe x2  
  100  7:12  Probe  
  102  7:23  Probe  
  102  7:25  Gateway, Pylon  
  102  7:27  Zealot x2  
  107  7:31  Probe  
  107  7:33  Assimilator  
  107  7:35  Assimilator  
  108  7:42  Colossus (Chrono Boost)  
  108  7:43  Pylon  
  114  7:44  Pylon x2  
  112  7:52  Zealot x2  
  112  7:53  Pylon  
  112  7:54  Probe  
  112  7:58  Shield Battery  
  117  8:01  Probe  
  117  8:03  Zealot x5  
  128  8:07  Pylon  
  122  8:16  Zealot x2  
  126  8:22  Gateway  
  126  8:25  Probe  
  126  8:26  Probe  
  127  8:29  Extended Thermal Lance  
  127  8:30  Disruptor (Chrono Boost), Templar Archives  
  129  8:34  Zealot  
  129  8:35  Zealot x4  
  125  8:52  Stalker x3  
  125  8:53  Probe  
  112  8:56  Zealot x3  
  112  8:59  Disruptor (Chrono Boost)  
  116  9:11  Protoss Ground Weapons Level 2 (Chrono Boost)  
  116  9:15  High Templar  
  116  9:16  High Templar x3  
  124  9:19  Zealot x3  
  124  9:20  Zealot, Archon x2  
  124  9:21  Zealot  
  134  9:27  Assimilator  
  134  9:39  Nexus  
  134  9:41  Zealot x3  
  134  9:45  Zealot  
  137  9:53  Stalker x4  
  137  10:07  Probe  
  137  10:09  Stalker, Pylon  
  137  10:10  Pylon  
  137  10:12  Psionic Storm  
  137  10:13  Photon Cannon  
  136  10:18  Pylon  
  136  10:20  Pylon  
  136  10:24  Colossus (Chrono Boost)  
  136  10:26  Probe  
  136  10:28  Stalker, Pylon  
  139  10:31  Pylon  
  141  10:35  Probe  
  141  10:37  High Templar x2  
  141  10:40  Zealot x2  
  128  10:57  Gateway  
  128  11:01  Zealot x2, Probe  
  128  11:02  Zealot  
  128  11:03  Pylon  
  135  11:04  Probe x2  
  135  11:07  Warp Prism (Chrono Boost), High Templar x3  
  135  11:11  Archon, High Templar  
  147  11:12  Stalker  
  147  11:15  Archon  
  149  11:23  Probe  
  149  11:25  Pylon, Probe  
  151  11:29  Pylon  
  149  11:33  Pylon  
  144  11:40  Zealot x7  
  154  11:50  Stalker  
  156  11:55  Probe  
  156  11:59  Stalker  
  159  12:04  Stalker x4  
Show
View Real Time Build Order
Export as new Build Order

Moja Terran 

Build Orders: Banshee Rush 

Get SALT Encoding   

  12  0:00  SCV  
  13  0:12  SCV  
  14  0:17  Supply Depot  
  14  0:24  SCV  
  15  0:38  SCV  
  15  0:39  Barracks  
  15  0:42  Refinery  
  16  0:50  SCV  
  17  1:02  SCV  
  18  1:14  SCV  
  19  1:26  Orbital Command, Barracks Reactor  
  19  1:41  Command Center  
  19  1:48  Supply Depot  
  19  1:52  SCV  
  20  2:02  Marine x2  
  20  2:04  SCV  
  23  2:10  Factory  
  23  2:16  SCV  
  23  2:21  Marine x2  
  26  2:28  SCV  
  27  2:37  Refinery  
  27  2:40  SCV  
  27  2:41  Marine x2  
  30  2:52  SCV  
  31  3:02  Starport  
  31  3:15  Orbital Command, SCV  
  32  3:21  Cyclone x2  
  36  3:27  SCV  
  36  3:28  Barracks Tech Lab  
  36  3:32  Supply Depot  
  37  3:39  SCV  
  37  3:41  SCV  
  38  3:51  SCV  
  38  3:53  SCV  
  40  3:57  Cloaking Field, Banshee  
  43  4:03  SCV  
  43  4:05  SCV, Marine x2  
  43  4:08  Supply Depot, Factory Tech Lab  
  47  4:15  SCV, Bunker  
  48  4:18  SCV  
  48  4:23  Supply Depot, Marine x2  
  51  4:27  Siege Tank  
  51  4:30  SCV x2  
  56  4:32  Supply Depot  
  56  4:40  Banshee  
  56  4:42  SCV x2  
  61  4:47  Marine x2  
  61  4:51  Barracks  
  63  4:54  SCV x2  
  63  4:57  Barracks  
  63  4:59  Siege Tank, Engineering Bay  
  68  5:05  Refinery  
  68  5:06  SCV x2  
  70  5:08  Supply Depot  
  70  5:12  Marine x2  
  72  5:18  Supply Depot  
  72  5:19  SCV x2  
  74  5:25  Terran Infantry Weapons Level 1  
  74  5:31  SCV x2  
  71  5:43  SCV  
  71  5:44  SCV  
  71  5:51  Marauder, Stimpack  
  71  5:55  Marine x2  
  71  5:56  SCV x2  
  77  6:00  Refinery  
  77  6:01  Combat Shield, Starport Reactor  
  77  6:08  SCV x2  
  79  6:14  Marine x2, Marauder x2  
  79  6:16  Factory Reactor  
  82  6:20  SCV x2  
  82  6:23  Command Center  
  84  6:32  SCV x2, Barracks x2  
  86  6:34  Supply Depot, Marine x2  
  86  6:36  Marauder x2  
  92  6:41  Medivac  
  92  6:45  Supply Depot  
  92  6:46  Supply Depot  
  94  6:48  Supply Depot  
  94  6:54  Marine x2, Medivac  
  94  6:55  SCV x2, Widow Mine  
  94  6:58  Marauder x2  
  106  7:05  Supply Depot  
  106  7:11  Medivac  
  106  7:12  Marine x2  
  106  7:15  Widow Mine  
  112  7:16  SCV, Widow Mine  
  112  7:20  Marauder  
  112  7:21  Barracks Tech Lab, Barracks Reactor  
  112  7:22  SCV  
  117  7:24  Medivac  
  117  7:28  SCV  
  117  7:29  Marauder  
  122  7:30  Marine  
  122  7:34  Marine  
  122  7:36  Orbital Command, SCV  
  125  7:40  Concussive Shells  
  125  7:41  Marauder  
  127  7:47  Marauder  
  127  7:48  Marine  
  131  7:51  Marauder  
  131  7:52  Marine, Medivac  
  131  7:54  SCV  
  135  8:02  Marine  
  136  8:05  Marine  
  136  8:08  Marauder  
  136  8:11  Marine  
  136  8:12  Marauder  
  130  8:13  Medivac  
  130  8:17  Marine  
  131  8:20  Marauder  
  131  8:22  Medivac  
  131  8:24  Marine  
  136  8:30  Marauder  
  138  8:35  Marine  
  138  8:36  Marauder  
  138  8:39  Marine  
  142  8:41  Marine  
  142  8:42  Marauder  
  142  8:44  Orbital Command  
  142  8:45  Marine  
  125  8:51  Marauder  
  125  8:53  Marine  
  125  8:57  Marine, Marauder  
  125  9:01  Marine  
  125  9:02  SCV x2  
  131  9:03  Marauder  
  131  9:04  Terran Infantry Armor Level 1  
  131  9:06  Marine  
  126  9:12  Marauder  
  126  9:13  Marine  
  126  9:14  Medivac x2  
  133  9:19  Marauder  
  133  9:20  Marine  
  133  9:23  Marine  
  137  9:24  Marauder  
  137  9:25  Refinery  
  137  9:26  Refinery  
  137  9:28  Widow Mine x2  
  143  9:34  Marauder  
  143  9:35  Marine  
  143  9:36  Marine  
  143  9:40  Marauder  
  142  9:53  Marauder  
  142  9:55  Marauder  
  139  10:01  Marauder  
  139  10:02  Marine  
  139  10:03  Marine  
  139  10:04  Marine  
  138  10:13  Marine  
  138  10:15  Marauder  
  138  10:16  Marauder  
  142  10:23  Marauder  
  142  10:34  Supply Depot, Marine, Medivac x2  
  147  10:36  Marauder  
  147  10:38  Marine, Marauder  
  147  10:41  Widow Mine x2  
  156  10:44  Marauder  
  156  10:46  Marine  
  156  10:47  Marine  
  132  10:51  Marine  
  132  10:56  Marine  
  123  10:57  Marauder  
  123  10:59  Marine  
  126  11:04  Marine  
  126  11:06  Marauder  
  126  11:07  Marine  
  130  11:13  Marine  
  130  11:17  Marine, Marauder  
  134  11:19  Marauder  
  136  11:27  Marauder  
  136  11:29  Marine  
  134  11:38  Marauder  
  134  11:40  Marauder  
  134  11:45  Marine  
  113  11:49  Marine x2  
  113  11:52  Command Center  
Tags
 
Add a new tag
Caveats
  • Supply blocks, unpowered buildings, or Contaminate may cause inaccurate times.
  • Supply counts are checked every 10 seconds.